 Dungeon Crawl Stone Soup version 0.31-a0-728-g01b46875f1 (webtiles) character file.

Game seed: 10425015483577375504

153 Psyclone the Magician (level 5, -7/9 HPs)
             Began as an Octopode Fire Elementalist on Sept 11, 2023.
             Killed by divine providence
             ... invoked by an orc priest
              (16 damage)
             ... on level 3 of the Dungeon.
             The game lasted 00:07:35 (2573 turns).

Psyclone the Magician (Octopode Fire Elementalist)  Turns: 2573, Time: 00:07:35

Health: -7/9       AC:  1    Str:  8    XL:     5   Next: 35%
Magic:  12/12      EV: 13    Int: 19    God:
Gold:   128        SH:  0    Dex: 12    Spells: 10/13 levels left

rFire   . . .        (weapon currently unavailable)
rCold   . . .        (shield currently unavailable)
rNeg    . . .        (helmet restricted)
rPois   .            (no amulet)
rElec   .            (no ring)
rCorr   .            (no ring)
SInv    .            (no ring)
Will    .....        (no ring)
Stlth   ++           (no ring)
HPRegen 0.21/turn    (no ring)
MPRegen 0.13/turn    (no ring)
                     (no ring)

%: no passive effects
@: flux-form, glowing
A: glow, contaminating, reduced hp, almost no armour, amphibious, 8 rings,
camouflage 1, gelatinous body 1, (nimble swimmer 1), tentacles
a: Begin Untransformation


You were on level 3 of the Dungeon.
You were something dangerously unstable.
You visited 1 branch of the dungeon, and saw 3 of its levels.

You collected 128 gold pieces.

Inventory:

Talismans
 j - a flux talisman (active)
Scrolls
 b - a scroll of teleportation {unknown}
 c - 3 scrolls of blinking {unknown}
 e - a scroll of amnesia {unknown}
 g - a scroll of fear {unknown}
 i - 5 scrolls of identify {unknown}
Potions
 a - 2 potions of magic
 d - 2 potions of enlightenment {unknown}
 f - a potion of curing {unknown}
 h - a potion of cancellation {unknown}
 k - 2 potions of lignification {unknown}
 l - 2 potions of might {unknown}


   Skills:
 - Level 2.1 Dodging
 - Level 3.0 Stealth
 + Level 4.7 Spellcasting
 - Level 1.2 Conjurations
 - Level 3.1 Fire Magic


You had 10 spell levels left.
You knew the following spells:

 Your Spells              Type           Power      Damage    Failure   Level
a - Scorch                Fire           32%        2d6       5%          2
b - Foxfire               Conj/Fire      48%        2x1d6     5%          1

Your spell library contained the following spells:

 Spells                   Type           Power      Damage    Failure   Level
 Summon Small Mammal      Summ           16%        N/A       13%         1
 Ensorcelled Hibernation  Hex/Ice        8%         N/A       19%         2
 Jinxbite                 Hex            8%         N/A       19%         2
 Inner Flame              Hex/Fire       10%        N/A       21%         3
 Volatile Blastmotes      Fire/Tloc      20%        2d11      21%         3
 Call Canine Familiar     Summ           4%         N/A       36%         3
 Summon Guardian Golem    Hex/Summ       4%         N/A       36%         3
 Flame Wave               Conj/Fire      12%        2d6       45%         4
 Anguish                  Hex/Necr       2%         N/A       77%         4


Dungeon Overview and Level Annotations

Branches:
Dungeon (3/15) Zot: 15426

Altars:
Cheibriados
Wu Jian


Innate Abilities, Weirdness & Mutations

You are something dangerously unstable.
You glow with magical radiation, making you easy to see and hit.
Foes you strike become dangerously contaminated with magical radiation.
Your maximum health is decreased, since you lack skill for your form.
You are incapable of wielding weapons or throwing items.
You cannot wear most types of armour.
You are amphibious.
You can wear up to eight rings at the same time.
Your skin changes colour to match your surroundings (Stealth+).
Your rubbery body absorbs attacks. (AC +1, EV +1)
((You are camouflaged when in or above water. (Stealth+)))
You have tentacles for arms and can constrict up to eight enemies at once.


Message History

Confirm with . or Enter, or press ? or * to list all spells.
Flames lash the bat.
You kill the bat!
You now have 8/12 mp.
Casting: Scorch (safe; 5% risk of failure)
Confirm with . or Enter, or press ? or * to list all spells.
Flames lash the endoplasm.
You kill the endoplasm!
You now have 6/12 mp.
Your magical contamination has completely faded away.
A giant cockroach comes into view.
Found an escape hatch in the floor.
MP restored: 12
Casting: Scorch (safe; 5% risk of failure)
Confirm with . or Enter, or press ? or * to list all spells.
You can't see any susceptible monsters within range! (Use Z to cast anyway.)
Casting: Scorch (safe; 5% risk of failure)
Confirm with . or Enter, or press ? or * to list all spells.
Flames lash the giant cockroach.
You kill the giant cockroach!
You now have 10/12 mp.
You see here a giant cockroach corpse.
There is an escape hatch in the floor here.
You see here a bat skeleton.
There is an escape hatch in the ceiling here.
k - 2 brown potions MP restored: 12
i - 4 scrolls labelled YDEARU QIRACH (gained 1)
Found a stone staircase leading down.
i - 5 scrolls labelled YDEARU QIRACH (gained 1)
Found a cloak.
Found a stone staircase leading up.
l - 2 fuming brown potions An orc comes into view.
It is wielding a +0 whip.
The orc shouts!
You hear a shout!
An orc priest comes into view. It is wielding a +0 dagger.
The orc priest shouts!
You hear a shout!
The orc priest mumbles some strange prayers to Beogh against you.
Beogh smites you!
Ouch! That really hurt!
You die...

### ###### o... ....#
#.o.. #..# #.....##..##
##
#......B...##########...
#....<..................
#.....#...............##
...#..............## #
.. ##.#.>.#######.# # .
#.....# #.# # ..#...#
#.# # .^.[.#.. #.# #
....... #.# #


You could see an orc priest and an orc.

Vanquished Creatures
  A phantom (D:3)
  3 adders (D:2)
  A dart slug (D:1)
  8 endoplasms
  3 giant cockroaches
  2 goblins (D:1)
  5 hobgoblins
  4 jackals (D:1)
  A kobold (D:2)
  2 quokkas
  2 ball pythons (D:1)
  7 bats
  2 frilled lizards (D:1)
  4 rats
45 creatures vanquished.

Vanquished Creatures (others)
  141 foxfires
141 creatures vanquished.

Grand Total: 186 creatures vanquished

Notes
Turn   | Place    | Note
-------+----------+-------------------------------------------
     0 | D:1      | Psyclone the Octopode Fire Elementalist began the quest for
                  | the Orb.
     0 | D:1      | Reached XP level 1. HP: 11/11 MP: 3/3
   231 | D:1      | Reached XP level 2. HP: 17/17 MP: 0/5
   424 | D:1      | Learned a level 2 spell: Scorch
   625 | D:1      | Reached XP level 3. HP: 21/21 MP: 5/7
   856 | D:1      | Reached skill level 3 in Spellcasting
  1427 | D:2      | Found a snail-covered altar of Cheibriados.
  1494 | D:2      | Reached XP level 4. HP: 27/27 MP: 4/9
  2038 | D:3      | Noticed a phantom
  2058 | D:3      | Killed a phantom
  2059 | D:3      | Reached skill level 4 in Spellcasting
  2059 | D:3      | Reached XP level 5. HP: 24/31 MP: 0/11
  2283 | D:3      | Found an ornate altar of the Wu Jian Council.
  2573 | D:3      | Killed from afar by an orc priest

Illustrated notes

Levels and vault maps discovered:
D:1:      eino_arrival_water_star, layout_basic, chequers_serial_rivers_micro_e
D:2:      layout_loops_cross, basic_altar
D:3:      kennysheep_big_flooded_room, layout_loops_ring, lemuel_doored_altar

Skill      XL: |  1  2  3  4 |
---------------+-------------+-----
Stealth        | 3 |  3.0
Spellcasting   | 3 4 |  4.7
Dodging        | |  2.1
Conjurations   | |  1.2
Fire Magic     | |  3.1

Action                     |  1- 3 |  4- 6 || total
---------------------------+-------+-------++-------
  Melee: Unarmed           |    14 |     2 ||    16
         Constrict         |     4 |       ||     4
         Tentacles         |     2 |       ||     2
   Cast: Foxfire           |    60 |    26 ||    86
         Scorch            |       |     5 ||     5
 Armour: Skin              |    12 |     3 ||    15
  Dodge: Dodged            |    36 |    10 ||    46
   Form: Flux              |       |     1 ||     1

Table legend: (Time is in decaauts)
 A = Elapsed time spent in this place.
 B = Non-inter-level travel time spent in this place.
 C = Inter-level travel time spent in this place.
 D = Time resting spent in this place.
 E = Time spent auto-exploring this place.
 F = Levels seen in this place.
 G = Mean time per level.
                   A        B        C        D        E       F      G
               +--------+--------+--------+--------+--------+-----+--------+
         Total |   2572 |   2524 |     48 |     59 |   2113 |   3 |  857.3 |
       Dungeon |   2572 |   2524 |     48 |     59 |   2113 |   3 |  857.3 |
               +--------+--------+--------+--------+--------+-----+--------+

Top non-repeatable levels by time:
     D:1: 1134 daAuts
     D:2: 805 daAuts
     D:3: 632 daAuts
